 Dungeon Crawl Stone Soup version 0.25-a0-670-g50981ef59b (webtiles) character file.

Game seed: 8129264643183036101, levelgen mode: deterministic

39664 Amnesiac the Gelid (level 13, -6/63 HPs)
             Began as a Deep Elf Ice Elementalist on Mar 29, 2020.
             Was a High Priest of Vehumet.
             Shot with an arrow by a centaur (18 damage)
             ... on level 14 of the Dungeon.
             The game lasted 00:55:20 (21901 turns).

Amnesiac the Gelid (Deep Elf Ice Elementalist)     Turns: 21901, Time: 00:55:21

Health: -6/63      AC: 10    Str:  8    XL:     13   Next: 70%
Magic:  42/51      EV: 13    Int: 34    God:    Vehumet [*****.]
Gold:   618        SH:  0    Dex: 15    Spells: 27/46 levels left

rFire    + . .     SeeInvis +   a - +6 Majin-Bo {vamp, Archmagi MP+6 Int+6}
rCold    + + .     Gourm    .   (shield currently unavailable)
rNeg     + . .     Faith    .   Q - +1 robe {MR+}
rPois    .         Spirit   .   g - +2 helmet {SInv}
rElec    +         Reflect  .   s - scarf {rC+ rF+}
rCorr    .         Harm     .   M - +2 pair of gloves "Oriafe" {+Inv Str+3}
MR       ++...                  N - +0 pair of boots
Stlth    ++........             G - amulet of the acrobat
HPRegen  0.20/turn              V - ring "Wewkamp" {Wiz rElec rC+ Int+2 SInv}
MPRegen  0.32/turn              t - ring "Ymemaceh" {rElec rN+ MP+9}

@: no status effects
A: no striking features
a: Renounce Religion, Evoke Invisibility


You were on level 14 of the Dungeon.
You worshipped Vehumet.
Vehumet was extremely pleased with you.
You were not hungry.

You visited 3 branches of the dungeon, and saw 18 of its levels.

You collected 1637 gold pieces.
You spent 1019 gold pieces at shops.

Inventory:

Hand Weapons
 a - the +6 Majin-Bo (weapon) {vamp, Archmagi MP+6 Int+6}
   (You found it on level 7 of the Dungeon)

   It inflicts no extra harm, but heals its wielder when it wounds a living foe.
   It affects your intelligence (+6).
   It affects your magic capacity (+6).
 d - the +9 dagger "Poemuxt" {vorpal, *Rage rF+ rC+}
   (You took it off a wight on level 11 of the Dungeon)

   It inflicts extra damage upon your enemies.
   It protects you from fire.
   It protects you from cold.
   It may make you go berserk in combat.
 I - the +9 staff of Olgreb {rPois∞}
   (You found it on level 8 of the Dungeon)

   It grants immunity to poison.
Armour
 g - a +2 helmet of see invisible (worn)
 s - a scarf of resistance (worn)
 y - a +0 troll leather armour
 H - the cursed +1 plate armour of the Harvest Moon {rPois rF+ Str+4 Dex-5}
   (You took it off a human on level 13 of the Dungeon)

   It affects your strength (+4).
   It affects your dexterity (-5).
   It protects you from fire.
   It protects you from poison.
   It has a curse placed upon it.
 L - a +2 buckler
 M - the +2 pair of gloves "Oriafe" (worn) {+Inv Str+3}
   (You bought it in a shop on level 4 of the Dungeon)

   It affects your strength (+3).
   It lets you turn invisible.
 N - a +0 pair of boots (worn)
 Q - a +1 robe of magic resistance (worn)
Jewellery
 t - the ring "Ymemaceh" (right hand) {rElec rN+ MP+9}
   (You found it on level 6 of the Dungeon)

   [ring of positive energy]

   It insulates you from electricity.
   It protects you from negative energy.
   It affects your magic capacity (+9).
 z - an uncursed amulet of harm
 G - an amulet of the acrobat (around neck)
 V - the ring "Wewkamp" (left hand) {Wiz rElec rC+ Int+2 SInv}
   (You found it on level 13 of the Dungeon)

   [ring of wizardry]

   It improves your spell success rate.
   It affects your intelligence (+2).
   It protects you from cold.
   It insulates you from electricity.
   It lets you see invisible.
Wands
 p - a wand of flame (36)
 u - a wand of scattershot (10)
 B - a wand of digging (2)
 F - a wand of polymorph (12)
 O - a wand of acid (15)
 P - a wand of enslavement (9)
Scrolls
 e - 7 scrolls of amnesia {!r}
 h - 2 scrolls of magic mapping {!r}
 k - 5 scrolls of teleportation {!r}
 m - a scroll of identify {!r}
 n - 5 scrolls of enchant armour {!r}
 w - 2 scrolls of fear {!r}
 E - 2 scrolls of remove curse {!r}
Potions
 b - 4 potions of might {!q}
 f - 3 potions of invisibility {!q}
 j - 3 potions of stabbing {!q}
 l - a potion of heal wounds {!q}
 o - 2 potions of brilliance {!q}
 q - 7 potions of mutation {!q}
 r - 2 potions of cancellation {!q}
 x - 2 potions of flight {!q}
 A - a potion of haste {!q}
 C - a potion of ambrosia {!q}
 D - 2 potions of magic {!q}
 R - a potion of curing {!q}
Miscellaneous
 v - a phantom mirror
Comestibles
 c - 25 rations


   Skills:
 - Level 2.4 Dodging
 - Level 2.4 Stealth
 + Level 17.1 Spellcasting
 * Level 19.9 Ice Magic


You had 27 spell levels left.
You knew the following spells:

 Your Spells              Type           Power        Failure   Level  Hunger
b - Frozen Ramparts       Ice            ######       0%          3    None
c - Summon Ice Beast      Ice/Summ       #######.     1%          4    None
d - Hailstorm             Conj/Ice       #######.     1%          4    None
e - Fireball              Conj/Fire      #####.....   4%          5    None
z - Ozocubu's Armour      Chrm/Ice       #######.     1%          3    None

Your spell library contained the following spells:

 Spells                   Type           Power        Failure   Level  Hunger
 Starburst                Conj/Fire      #####.....   21%         6    None
 Freeze                   Ice            ####         0%          1    None
 Animate Skeleton         Necr           N/A          1%          1    None
 Apportation              Tloc           #####.       1%          1    None
 Corona                   Hex            #####..      1%          1    None
 Magic Dart               Conj           ####         1%          1    None
 Summon Small Mammal      Summ           ####         1%          1    None
 Ensorcelled Hibernation  Hex/Ice        ######       1%          2    None
 Searing Ray              Conj           #####.       1%          2    None
 Confusing Touch          Hex            #####...     1%          3    None
 Dazzling Flash           Conj/Hex       #####.       1%          3    None
 Tukima's Dance           Hex            #####...     1%          3    None
 Fulminant Prism          Conj/Hex       #####.....   1%          4    None
 Iskenderun's Mystic Bla  Conj/Tloc      #####...     1%          4    None


Dungeon Overview and Level Annotations

Branches:
Dungeon (15/15)            Temple (1/1) D:7            Lair (0/6) D:11
    Orc (2/2) D:9             Elf (0/3) Orc:2        Vaults (0/5) D:13
 Depths: D:15

Altars:
Ashenzari
Cheibriados
Dithmenos
Elyvilon
Fedhas
Gozag
Hepliaklqana
Kikubaaqudgha
Makhleb
Nemelex Xobeh
Okawaru
Qazlal
Ru
Sif Muna
Trog
Uskayaw
Vehumet
Wu Jian
Xom
Yredelemnul
Zin
The Shining One
Beogh

Shops:
D:4 [   D:9 (   D:12 (   D:13 *   D:15 *   Orc:2 (*(*

Annotations:
D:8 1 runed translucent door
D:15 1 runed translucent door


Message History

You sock the centaur warrior zombie!
The centaur warrior zombie is severely damaged.
An arrow appears from out of your range of vision.
The arrow hits your ice beast.
The centaur warrior zombie barely misses you.
An arrow appears from out of your range of vision.
The arrow closely misses your ice beast.
The centaur warrior zombie completely resists.
The wall freezes the centaur warrior zombie but do no damage.
The centaur warrior zombie closely misses your ice beast.
Your ice beast freezes the centaur warrior zombie.
The centaur warrior zombie resists.
The centaur warrior zombie is destroyed!
Vehumet accepts your kill.
The centaur warrior zombie hits you but does no damage.
An arrow appears from out of your range of vision.
The arrow hits your ice beast!
You sock the centaur warrior zombie!
The centaur warrior zombie is severely damaged.
The frozen ramparts melt away.
The centaur warrior zombie hits you but does no damage.
Your ice beast freezes the centaur warrior zombie.
The centaur warrior zombie resists.
An arrow appears from out of your range of vision.
The arrow hits your ice beast!
Your ice beast freezes the centaur warrior zombie.
The centaur warrior zombie resists.
A centaur comes into view. It is wielding a +0 shortbow.
The centaur warrior zombie barely misses you.
You thump the centaur warrior zombie!
The centaur warrior zombie is almost destroyed.
The centaur shoots an arrow.
The arrow closely misses you.
Your ice beast freezes the centaur warrior zombie.
The centaur warrior zombie resists.
Your ice beast freezes the centaur warrior zombie.
The centaur warrior zombie resists.
The centaur warrior zombie is destroyed!
Vehumet accepts your kill.
A centaur comes into view. It is wielding a +0 shortbow.
A centaur comes into view.
The orc warrior zaps a wand.
The mass of ice explodes!
The iceblast engulfs your ice beast.
Your ice beast partially resists.
The iceblast engulfs your ice beast!
Your ice beast partially resists.
The iceblast engulfs your ice beast.
Your ice beast partially resists.
The iceblast engulfs the orc warrior!
Your ice beast freezes the orc warrior!
The orc warrior dies!
Vehumet accepts your kill.
The centaur shouts!
You hear a shout! x3
The centaur wields a +0 shortbow.
The centaur shoots an arrow.
The arrow barely misses you.
The centaur shoots an arrow.
The arrow hits you.
* * * LOW HITPOINT WARNING * * *
The centaur shoots an arrow.
The arrow hits you!
* * * LOW HITPOINT WARNING * * *
The centaur shoots an arrow.
The arrow completely misses you.
There is a stone staircase leading down here.
You see here 4 arrows.
You can't go up here!
The centaur shoots an arrow.
The arrow hits you.
* * * LOW HITPOINT WARNING * * *
The centaur shoots an arrow.
The arrow hits you!!
You die...

.
..################
.........(@.......
..................
......(.(YY.......
#..c...(((.Y......
...cc.#...........
#.cc. ##))........
.... ...........
#.# ....%....... .
.............


You could see 4 centaurs and 3 friendly ice beasts.

Vanquished Creatures
  A hydra (D:14)
  4 vault guards (D:13)
  7 two-headed ogres
  A death knight (D:15)
  8 orc high priests (Orc:2)
  An ogre mage (D:15)
  The ghost of MisterT the Spear-Bearer, a novice NaGl of Cheibriados (D:7)
  An unseen horror (D:15)
  Pikel (D:6)
  An orc knight (Orc:2)
  5 cyclopes
  An ugly thing (D:12)
  A manticore (D:11)
  Joseph (D:7)
  A freezing wraith (D:15)
  5 trolls
  A hornet (D:8)
  5 hippogriffs
  11 yaks
  A vampire (D:15)
  Sigmund (D:4)
  A wraith (D:15)
  8 humans
  A basilisk (D:13)
  A hungry ghost (D:10)
  6 vampire mosquitoes (D:11)
  2 insubstantial wisps (D:11)
  4 soldier ants
  7 wargs (Orc:2)
  3 water moccasins
  4 porcupines (D:11)
  11 orc warriors
  4 ice beasts
  A black bear (D:13)
  4 slaves (D:6)
  11 ogres
  A phantom (D:8)
  22 centaurs
  3 crocodiles (D:11)
  3 big kobolds
  9 bullfrogs
  A gnoll sergeant (D:7)
  A wyvern zombie (D:10)
  2 scorpions
  14 killer bees
  15 wights
  5 crimson imps
  A quasit (D:13)
  2 centaur zombies
  4 jellies
  37 orc priests
  2 bullfrog skeletons
  3 centaur skeletons
  6 hounds
  17 worker ants
  3 iguanas
  12 orc wizards
  2 hound zombies (D:5)
  3 worker ant zombies
  6 gnolls
  18 adders
  A shadow imp (D:6)
  An adder zombie (D:6)
  2 adder skeletons
  2 worms
  5 leopard geckos
  78 orcs
  4 giant cockroaches
  6 goblins
  12 hobgoblins
  17 jackals
  2 quokkas (D:3)
  10 ball pythons
  7 bats
  3 frilled lizards
  16 kobolds
  A quokka skeleton (D:6)
  8 rats
  A bush (D:11)
  A fungus (D:1)
  6 plants (D:11)
502 creatures vanquished.

Vanquished Creatures (collateral kills)
  Harold (D:8)
  A wraith (D:6)
  4 yaks (D:12)
  A basilisk (D:11)
  A hungry ghost (D:10)
  A soldier ant (D:14)
  A water moccasin (D:14)
  An insubstantial wisp (D:11)
  A hornet zombie (D:14)
  2 ice beasts
  An ogre (D:7)
  An orc warrior (D:14)
  A centaur (D:12)
  A wyvern skeleton (D:11)
  3 wights (D:11)
  3 centaur zombies
  A bullfrog zombie (D:11)
  An orc (D:11)
  2 quokkas
28 creatures vanquished.

Vanquished Creatures (others)
  A human (D:13)
  3 fungi (D:11)
  9 plants (D:11)
13 creatures vanquished.

Grand Total: 543 creatures vanquished

Notes
Turn   | Place    | Note
-------+----------+-------------------------------------------
     0 | D:1      | Amnesiac the Deep Elf Ice Elementalist began the quest for
                  | the Orb.
     0 | D:1      | Reached XP level 1. HP: 10/10 MP: 6/6
   170 | D:1      | Reached XP level 2. HP: 4/15 MP: 4/8
   659 | D:1      | Reached skill level 5 in Ice Magic
   782 | D:1      | Reached XP level 3. HP: 18/19 MP: 5/10
   826 | D:1      | Learned a level 3 spell: Frozen Ramparts
  1574 | D:3      | Reached XP level 4. HP: 24/24 MP: 8/12
  1636 | D:3      | Learned a level 4 spell: Hailstorm
  1820 | D:3      | Reached skill level 6 in Ice Magic
  2260 | D:2      | Reached XP level 5. HP: 28/28 MP: 10/14
  2705 | D:4      | Found Iqicw's Armour Shop.
  2753 | D:4      | Reached skill level 5 in Spellcasting
  2923 | D:4      | Reached skill level 7 in Ice Magic
  2935 | D:4      | Reached XP level 6. HP: 32/32 MP: 11/16
  3182 | D:4      | Noticed an orc warrior
  3188 | D:4      | Killed an orc warrior
  3271 | D:4      | Noticed Sigmund
  3276 | D:4      | Killed Sigmund
  3276 | D:4      | Reached skill level 8 in Ice Magic
  3276 | D:4      | Reached XP level 7. HP: 36/36 MP: 14/18
  3498 | D:5      | Entered Level 5 of the Dungeon
  3546 | D:5      | Learned a level 4 spell: Summon Ice Beast
  3550 | D:5      | Learned a level 3 spell: Ozocubu's Armour
  4569 | D:6      | Reached skill level 9 in Ice Magic
  4574 | D:6      | Got a glittering platinum ring
  4576 | D:6      | Identified the ring "Ymemaceh" {rElec rN+ MP+9} (You found
                  | it on level 6 of the Dungeon)
  4647 | D:6      | Noticed a hippogriff
  4901 | D:6      | Reached XP level 8. HP: 41/41 MP: 21/21
  4935 | D:6      | Killed a hippogriff
  5024 | D:6      | Noticed Pikel
  5029 | D:6      | Reached skill level 10 in Ice Magic
  5030 | D:6      | Killed Pikel
  5066 | D:6      | Reached skill level 11 in Ice Magic
  5330 | D:6      | Found a snail-covered altar of Cheibriados.
  5369 | D:6      | Reached XP level 9. HP: 40/45 MP: 24/24
  5952 | D:7      | Noticed Joseph
  5998 | D:7      | Found a transporter.
  5998 | D:7      | Noticed MisterT's ghost (novice NaGl)
  6002 | D:7      | Found a transporter.
  6203 | D:7      | Found the +6 Majin-Bo {vamp, Archmagi MP+6 Int+6}
  6503 | D:7      | Found a staircase to the Ecumenical Temple.
  6558 | Temple   | Entered the Ecumenical Temple
  6825 | Temple   | Became a worshipper of Vehumet
  6905 | D:7      | Reached skill level 10 in Spellcasting
  7082 | D:7      | Killed Joseph
  7082 | D:7      | Reached skill level 12 in Ice Magic
  7151 | D:7      | Killed MisterT's ghost
  7151 | D:7      | Reached skill level 13 in Ice Magic
  7209 | D:8      | Noticed Harold
  7222 | D:8      | Killed Harold
  7222 | D:8      | Reached XP level 10. HP: 27/50 MP: 26/27
  7233 | D:8      | Reached * piety under Vehumet
  7233 | D:8      | Offered knowledge of Sandblast by Vehumet.
  7239 | D:8      | Found the +9 staff of Olgreb {rPois∞}
  7245 | D:8      | Got a slimy flail
  7542 | D:8      | Found a runed translucent door.
  7545 | D:8      | Found a runed translucent gate.
  7546 | D:8      | Found a runed translucent gate.
  7566 | D:8      | Found a runed translucent gate.
  7574 | D:8      | Found a runed translucent door.
  8136 | D:8      | Reached skill level 14 in Ice Magic
  8143 | D:8      | Offered knowledge of Shock by Vehumet.
  8301 | D:8      | Reached ** piety under Vehumet
  8466 | D:9      | Found a staircase to the Orcish Mines.
  8871 | D:9      | Offered knowledge of Conjure Flame by Vehumet.
  9541 | D:9      | Found Soushang's Antique Weapon Boutique.
  9780 | Orc:1    | Entered Level 1 of the Orcish Mines
  9870 | Orc:1    | Reached XP level 11. HP: 47/54 MP: 29/29
  9924 | Orc:1    | Reached skill level 15 in Ice Magic
 10008 | Orc:2    | Entered Level 2 of the Orcish Mines
 10026 | Orc:2    | Reached *** piety under Vehumet
 10099 | Orc:2    | Found a roughly hewn altar of Beogh.
 10420 | Orc:2    | Noticed an orc knight
 10431 | Orc:2    | Killed an orc knight
 10752 | Orc:2    | Found a staircase to the Elven Halls.
 10800 | Orc:2    | Offered knowledge of Fulminant Prism by Vehumet.
 10805 | Orc:2    | Noticed an orc high priest
 10807 | Orc:2    | Noticed an orc high priest
 10829 | Orc:2    | Killed an orc high priest
 11109 | Orc:2    | Killed an orc high priest
 11205 | Orc:2    | Noticed an orc high priest
 11205 | Orc:2    | Noticed an orc high priest
 11206 | Orc:2    | Noticed an orc high priest
 11211 | Orc:2    | HP: 2/54 [orc high priest/divine providence (15)]
 11433 | Orc:2    | Killed an orc high priest
 11433 | Orc:2    | Reached skill level 16 in Ice Magic
 11485 | Orc:2    | Reached **** piety under Vehumet
 11495 | Orc:2    | Noticed an orc high priest
 11501 | Orc:2    | Killed an orc high priest
 11640 | Orc:2    | Noticed an orc high priest
 11690 | Orc:2    | HP: 1/54 [orc priest/nerve-wracking pain (7)]
 11796 | Orc:2    | Killed an orc high priest
 12022 | Orc:2    | Killed an orc high priest
 12031 | Orc:2    | Found Mungosemp's Weapon Shoppe.
 12031 | Orc:2    | Found Kusatt Gacod's Assorted Antiques.
 12048 | Orc:2    | Bought a cyan potion for 31 gold pieces
 12048 | Orc:2    | Bought a scroll labeled VUMOF XIOHEUN for 35 gold pieces
 12058 | Orc:2    | Noticed an orc high priest
 12063 | Orc:2    | Killed an orc high priest
 12169 | Orc:2    | Offered knowledge of Olgreb's Toxic Radiance by Vehumet.
 12471 | Orc:2    | Killed an orc high priest
 12507 | Orc:2    | Found a roughly hewn altar of Beogh.
 12538 | Orc:2    | Found Gocruukk's Antique Weapon Shoppe.
 12538 | Orc:2    | Found Xaumnahi's Assorted Antiques.
 12552 | Orc:2    | Bought a puce potion for 35 gold pieces
 12552 | Orc:2    | Bought a cyan potion for 35 gold pieces
 12552 | Orc:2    | Bought a metallic sapphire potion for 35 gold pieces
 12561 | Orc:2    | Identified the +6 flail "Bygaas" {pain, rF+ rC+ Dex-3
                  | Stlth+} (You found it on level 8 of the Dungeon)
 12604 | Orc:2    | Bought an iron ring for 175 gold pieces
 12750 | D:4      | Bought a +2 buckler for 181 gold pieces
 12750 | D:4      | Bought the +2 pair of gloves "Oriafe" {+Inv Str+3} for 382
                  | gold pieces
 12750 | D:4      | Bought a +0 pair of boots for 49 gold pieces
 12879 | D:10     | Entered Level 10 of the Dungeon
 12948 | D:10     | Reached XP level 12. HP: 59/59 MP: 32/32
 12960 | D:10     | Reached skill level 17 in Ice Magic
 13672 | D:11     | Reached ***** piety under Vehumet
 13676 | D:11     | Offered knowledge of Fireball by Vehumet.
 14218 | D:11     | Learned a level 5 spell: Fireball
 14418 | D:11     | You fall into a shaft and drop 1 floor!
 14645 | D:11     | Reached skill level 15 in Spellcasting
 14659 | D:11     | Identified the +9 dagger "Poemuxt" {vorpal, *Rage rF+ rC+}
 15154 | D:11     | Found a staircase to the Lair.
 15193 | D:11     | HP: 2/59 [the Majin-Bo (4)]
 16417 | D:12     | Reached skill level 18 in Ice Magic
 17733 | D:12     | Found Dolyoplare's Weapon Emporium.
 17834 | D:12     | Noticed a two-headed ogre
 17845 | D:12     | Killed a two-headed ogre
 17866 | D:13     | Got a heavily runed bronze ring
 17873 | D:13     | Identified the ring "Wewkamp" {Wiz rElec rC+ Int+2 SInv}
                  | (You found it on level 13 of the Dungeon)
 18034 | D:13     | Found a blossoming altar of Fedhas.
 18072 | D:13     | Found Leademowk's Assorted Antiques.
 18075 | D:13     | Bought 2 green potions for 39 gold pieces
 18075 | D:13     | Bought a scroll labeled NICWAFFAZU for 22 gold pieces
 18081 | D:13     | Identified a scroll of acquirement {!r}
 18707 | D:13     | Noticed a vault guard
 18708 | D:13     | Noticed a vault guard
 18717 | D:13     | Killed a vault guard
 18717 | D:13     | Reached XP level 13. HP: 59/63 MP: 35/35
 18755 | D:13     | Identified the cursed +1 plate armour of the Harvest Moon
                  | {rPois rF+ Str+4 Dex-5}
 19140 | D:13     | Found a gate to the Vaults.
 19386 | D:14     | Offered knowledge of Starburst by Vehumet.
 19386 | D:14     | Reached skill level 19 in Ice Magic
 19614 | D:13     | HP: 2/63 [the Majin-Bo (5)]
 20135 | D:14     | You fall into a shaft and drop 1 floor!
 20135 | D:15     | Entered Level 15 of the Dungeon
 21865 | D:15     | Found a runed translucent gate.
 21865 | D:15     | Found Hodem's Assorted Antiques.
 21901 | D:14     | Shot with an arrow by a centaur

Levels and vault maps discovered:
D:1:      dpeg_cavernosity, layout_basic
D:2:      layout_basic, minmay_snake_closets
D:3:      layout_rooms, first_ration
D:4:      layout_basic, serial_shops, shop_fountains, uniq_sigmund
D:5:      layout_cave_pools
D:6:      minmay_clustersquares, layout_basic, lemuel_round_altar, uniq_pikel
D:7:      layout_basic, minmay_temple_entry_purple_smoke, gammafunk_ghost_smash,
          uniq_joseph
D:8:      layout_rooms, minmay_guarded_unrand_staff_of_olgreb, uniq_harold
D:9:      layout_basic, erik_orc_4, serial_shops, kennysheep_mini_moat
D:10:     layout_loops_ring, hangedman_decor_riveting, blue_anna_alchemist
          [blue_anna_fruit_fields, blue_anna_fruit_fields]
D:11:     layout_roguey, minmay_lair_entry_grove, pond
D:12:     layout_roguey, serial_shops, shop
D:13:     layout_stronghold, ximxim_vaults_locker_room, serial_shops,
          nicolae_shop_trees, fedhas_altar_2
D:14:     layout_big_octagon, chequers_mini_garden, hangedman_decor_lopped,
          dk_noncrumbling_3, minmay_misc_feat_rugged, minmay_misc_feat_enclosed,
          amethyst_killhole
D:15:     hangedman_depths_entry_civil_slaughter, layout_loops_corners,
          abandoned_shop, ebering_ghost_gozag
Temple:   regret_index_temple_sigil_plot
Orc:1:    layout_caves, serial_shops, shop_coins, uniq_josephine, uniq_erolcha
Orc:2:    st_orc_town, layout_caves, nicolae_orc_stony_grotto, mines2_david

Skill      XL: |  1  2  3  4  5  6  7  8  9 10 11 12 13 |
---------------+----------------------------------------+-----
Ice Magic      | 5 6 7 8 9 11 13 14 16 18 19 | 19.9
Spellcasting   | 4 5 6 7 9 11 12 14 16 17 | 17.1
Dodging        | |  2.4
Stealth        | |  2.4

Action                   |  1- 3 |  4- 6 |  7- 9 | 10-12 | 13-15 || total
-------------------------+-------+-------+-------+-------+-------++-------
Melee: Unarmed           |    16 |     2 |    25 |       |       ||    43
       Scythe            |       |       |    55 |       |       ||    55
       Quarterstaff      |       |       |     4 |   125 |    39 ||   168
 Cast: Freeze            |    55 |    32 |    22 |    46 |       ||   155
       Frozen Ramparts   |     7 |    23 |    23 |    80 |    24 ||   157
       Hailstorm         |       |       |    15 |   150 |    47 ||   212
       Summon Ice Beast  |       |       |    20 |    29 |    15 ||    64
       Fireball          |       |       |       |    29 |    16 ||    45
       Ozocubu's Armour  |       |       |       |     1 |     1 ||     2
Evoke: Wand              |       |       |       |     1 |     1 ||     2
  Use: Scroll            |       |       |    12 |    19 |       ||    31
       Potion            |       |       |     3 |     7 |       ||    10
 Stab: Sleeping          |       |       |     7 |       |       ||     7
       Distracted        |       |       |     2 |       |       ||     2
  Eat: Chunk             |     2 |     7 |    10 |    36 |     3 ||    58
       Ration            |       |       |     1 |       |     2 ||     3
Armor: Robe              |     5 |     4 |    20 |    68 |    28 ||   125
Dodge: Dodged            |    25 |    26 |    77 |   160 |    56 ||   344

Table legend:
 A = Non-vault XP
 B = Vault XP
 C = Vault XP percentage of total XP
 D = Non-vault monster count
 E = Vault monster count
 F = Vault count percentage of total count
                 A         B        C        D         E       F
            +---------+---------+-------+---------+---------+-------
      Total |   33378 |   23286 |  41.1 |     351 |     167 |  32.2
            +---------+---------+-------+---------+---------+-------
        D:1 |      41 |       9 |  18.0 |      26 |       4 |  13.3
        D:2 |      40 |      63 |  61.2 |      16 |      11 |  40.7
        D:3 |      77 |       0 |   0.0 |      14 |       0 |   0.0
        D:4 |     496 |     208 |  29.5 |      25 |       1 |   3.8
        D:5 |     210 |       0 |   0.0 |       7 |       0 |   0.0
        D:6 |     542 |    1175 |  68.4 |      10 |      11 |  52.4
        D:7 |     844 |    1584 |  65.2 |      18 |       6 |  25.0
        D:8 |    1395 |    2012 |  59.1 |      30 |      21 |  41.2
        D:9 |    1411 |     565 |  28.6 |      25 |      14 |  35.9
       D:10 |    2429 |     305 |  11.2 |      20 |       2 |   9.1
       D:11 |    2341 |    3149 |  57.4 |      43 |      21 |  32.8
       D:12 |    5496 |       0 |   0.0 |      46 |       0 |   0.0
       D:13 |    2182 |    5200 |  70.4 |      12 |      11 |  47.8
       D:14 |    3511 |       0 |   0.0 |      22 |       0 |   0.0
       D:15 |   10470 |       0 |   0.0 |      19 |       0 |   0.0
      Orc:1 |     640 |       0 |   0.0 |       7 |       0 |   0.0
      Orc:2 |    1253 |    9016 |  87.8 |      11 |      65 |  85.5
            +---------+---------+-------+---------+---------+-------
